 Dungeon Crawl Stone Soup version 0.31-a0-496-g6f97920a28 (webtiles) character file.

Game seed: 18078884097011333985

184 avis the Ducker (level 5, -2/22 HPs)
             Began as a Felid Shapeshifter on Aug 9, 2023.
             Slain by a water moccasin (3 damage)
             ... on level 4 of the Dungeon.
             The game lasted 00:15:17 (2882 turns).

avis the Ducker (Felid Shapeshifter)                Turns: 2882, Time: 00:15:17

Health: -2/22      AC:  2    Str: 11    XL:     5   Next: 36%
Magic:  6/6        EV: 21    Int: 10    God:
Gold:   188        SH:  0    Dex: 18    Spells: 4/4 levels left
                                        Lives:  0   Deaths: 1

rFire   . .          .
                       - Unarmed
rCold   . . .        (shield unavailable)
rNeg    . . .        (body armour unavailable)
rPois   .            (helmet unavailable)
rElec   .            (cloak unavailable)
rCorr   .            (gloves unavailable)
SInv    +            (boots unavailable)
Will    .....        (no amulet)
Stlth   ++           (no ring)
HPRegen 0.23/turn    (no ring)
MPRegen 0.10/turn

%: no passive effects
@: beast-form, hasted, very quick
A: beast (slay +2), very small, claws 1, fangs 3, see invisible, speed 1, shaggy
fur 2, stealthy paws, no weapons or thrown items, no armour, multi-lived
a: Begin Untransformation


You were on level 4 of the Dungeon.
You were a hulking beast.
You visited 1 branch of the dungeon, and saw 4 of its levels.

You collected 188 gold pieces.

Inventory:

Jewellery
 l - a +5 ring of evasion
Talismans
 b - a beast talisman (active)
 c - a flux talisman
Scrolls
 d - 6 scrolls of teleportation {unknown}
 e - 2 scrolls of fog {unknown}
 f - 3 scrolls of vulnerability {unknown}
 g - a scroll of brand weapon {unknown}
 h - a scroll of blinking {unknown}
 k - 6 scrolls of identify {unknown}
 n - a scroll of amnesia {unknown}
 o - a scroll of poison {unknown}
 p - 2 scrolls of noise {unknown}
Potions
 a - a potion of degeneration {unknown}
 i - a potion of enlightenment {unknown}
 j - a potion of invisibility {unknown}
 m - a potion of berserk rage {unknown}
 q - a potion of ambrosia {unknown}
 s - 2 potions of curing {unknown}
 t - 2 potions of attraction {unknown}


   Skills:
 - Level 2.0 Fighting
 + Level 7.1 Dodging
 - Level 1.0 Stealth
 + Level 4.6 Unarmed Combat
 * Level 3.3 Shapeshifting


You had 4 spell levels left.
You didn't know any spells.
Your spell library contained the following spells:

 Spells                   Type           Power      Damage    Failure   Level
 Cigotuvi's Dreadful Rot  Necr/Pois/Air  0%         N/A       50%         2
 Dazzling Flash           Conj/Hex       0%         N/A       75%         3
 Ignite Poison            Fire/Tmut/Pois 0%         N/A       75%         3
 Volatile Blastmotes      Fire/Tloc      0%         2d10      75%         3
 Freezing Cloud           Conj/Ice/Air   0%         6-21      100%        5
 Starburst                Conj/Fire      0%         6d3       100%        6
 Maxwell's Capacitive Co  Air            0%         ∞         100%        8


Dungeon Overview and Level Annotations

Branches:
Dungeon (4/15)
 Temple: D:4-7

Altars:
Qazlal

Shops:
D:4 ?

Annotations:
D:3 1 runed translucent door, riellis1's ghost, amateur DgCj


Innate Abilities, Weirdness & Mutations

You are a hulking beast.
Your limbs bulge with bestial killing power. (Slay +2)
You have sharp claws.
You have razor-sharp teeth.
You have supernaturally acute eyesight. (SInv)
You cover ground quickly. (Speed+)
You are covered in thick fur. (AC +2)
Your paws help you pounce on unaware monsters.
You are incapable of wielding weapons or throwing items.
You cannot wear armour.
You gain extra lives every three experience levels.


Message History

You are poisoned.
The water moccasin poisons you!
You closely miss the water moccasin.
The water moccasin is lightly wounded.
You feel very sick.
The water moccasin bites you but does no damage.
You barely miss the water moccasin.
The water moccasin is lightly wounded.
You feel sick. The water moccasin closely misses you.
You scratch the water moccasin. Your claw misses the water moccasin.
The water moccasin is moderately wounded.
You feel sick.
The water moccasin closely misses you. x2
You closely miss the water moccasin.
The water moccasin is moderately wounded.
You feel sick.
The water moccasin bites you but does no damage.
You barely miss the water moccasin.
The water moccasin is moderately wounded.
You feel sick. The water moccasin bites you.
* * * LOW HITPOINT WARNING * * *
You miss the water moccasin.
The water moccasin is moderately wounded.
You feel sick.
The water moccasin bites you but does no damage.
The water moccasin barely misses you.
Okay, then.
You feel sick.
You feel sick.
You feel yourself speed up.
You feel sick. The water moccasin closely misses you.
You claw the water moccasin!
The water moccasin is severely wounded.
The water moccasin misses you.
You scratch the water moccasin.
The water moccasin is almost dead.
* * * LOW HITPOINT WARNING * * *
You feel sick.
You are no longer poisoned.
The water moccasin bites you.
You die...

## . ...... ... . #.##.# #.######
#...#.##.##.# #.....<#
..###.).#.##.##.#########.#
..#.......!......... #.#
#.....#....#..##..##.#.# #.#
................S.##.#.# #.#
......#....#.###S###.#.# #.#
...........#.# #h# #.#.###.# .#
<##.#.##.###.# #.......#
)##..##...)S.....# #..≈≈≈##
.................# #.~≈≈≈≈#
.########.##.###.# #...∩≈≈# <#
#.##.###.####~~≈≈≈####### .#
#.##......###.≈≈≈........
.########.######.......#########.
.)........### #.....#.# #.


You could see a water moccasin and a ball python.

Vanquished Creatures
  2 scorpions
  A hound (D:4)
  2 orc wizards (D:4)
  7 adders
  2 worms (D:3)
  2 dart slugs
  5 orcs
  11 ball pythons
  9 endoplasms
  6 giant cockroaches
  6 goblins
  7 hobgoblins
  2 jackals (D:1)
  4 quokkas
  4 bats
  A frilled lizard (D:2)
  5 kobolds
  4 rats
80 creatures vanquished.

Notes
Turn   | Place    | Note
-------+----------+-------------------------------------------
     0 | D:1      | avis the Felid Shapeshifter began the quest for the Orb.
     0 | D:1      | Reached XP level 1. HP: 9/9 MP: 2/2
    29 | D:1      | Reached skill level 3 in Dodging
    78 | D:1      | Reached XP level 2. HP: 12/12 MP: 3/3
   323 | D:1      | Reached skill level 4 in Dodging
   365 | D:1      | Reached XP level 3. HP: 15/15 MP: 4/4
   837 | D:2      | Reached XP level 4. HP: 19/19 MP: 5/5
   929 | D:2      | Reached skill level 5 in Dodging
  1241 | D:2      | Found a faded altar of an unknown god.
  1453 | D:3      | Reached skill level 1 in Stealth
  1527 | D:3      | Noticed a scorpion
  1532 | D:3      | Killed a scorpion
  1533 | D:3      | Reached skill level 6 in Dodging
  1533 | D:3      | Reached XP level 5. HP: 16/22 MP: 6/6
  1591 | D:3      | Found a runed translucent door.
  1592 | D:3      | Noticed riellis1's ghost (amateur DgCj)
  2295 | D:4      | Found a stormy altar of Qazlal.
  2452 | D:4      | Gained mutation: You are covered in thick fur. (AC +2)
                  | [Felid growth]
  2452 | D:4      | Reached XP level 6. HP: 11/26 MP: 7/7
  2535 | D:4      | Reached skill level 7 in Dodging
  2638 | D:4      | Noticed a water moccasin
  2657 | D:4      | Succumbed to a water moccasin's poison
  2658 | D:4      | Reached XP level 5. HP: -3/22 MP: 6/6
  2804 | D:4      | Noticed an ogre
  2827 | D:4      | Found Ydyimm's Magic Scroll Emporium.
  2882 | D:4      | HP: 1/22 [poisoned by a water moccasin]
  2882 | D:4      | Slain by a water moccasin

Illustrated notes

Levels and vault maps discovered:
D:1:      psy_arrival_fountain, layout_rooms
D:2:      layout_loops_cross, nicolae_ecumenical_snake_handling,
          kennysheep_generic_room_5
D:3:      layout_loops_ring, gammafunk_ghost_grave
D:4:      layout_loops_ring, old_standard_altar, serial_shops,
          nicolae_shop_waterfront, minmay_misc_feat_rugged, minmay_misc_feat_x

Skill      XL: |  1  2  3  4  5  6 |
---------------+-------------------+-----
Dodging        | 3 4 6 7 |  7.1
Stealth        | 1 |  1.0
Unarmed Combat | 4 |  4.6
Fighting       | 2 |  2.0
Shapeshifting  | |  3.3

Action                     |  1- 3 |  4- 6 || total
---------------------------+-------+-------++-------
  Melee: Unarmed           |    76 |   119 ||   195
         Bite              |     3 |     5 ||     8
         Punch             |       |     6 ||     6
    Use: Potion            |     1 |     2 ||     3
   Stab: Sleeping          |     3 |     4 ||     7
 Armour: Skin              |     4 |     9 ||    13
  Dodge: Dodged            |    60 |    76 ||   136

Table legend: (Time is in decaauts)
 A = Elapsed time spent in this place.
 B = Non-inter-level travel time spent in this place.
 C = Inter-level travel time spent in this place.
 D = Time resting spent in this place.
 E = Time spent auto-exploring this place.
 F = Levels seen in this place.
 G = Mean time per level.
                   A        B        C        D        E       F      G
               +--------+--------+--------+--------+--------+-----+--------+
         Total |   2412 |   2256 |    156 |    256 |   1344 |   4 |  603.0 |
       Dungeon |   2412 |   2256 |    156 |    256 |   1344 |   4 |  603.0 |
               +--------+--------+--------+--------+--------+-----+--------+

Top non-repeatable levels by time:
     D:3: 670 daAuts
     D:2: 647 daAuts
     D:4: 548 daAuts
     D:1: 546 daAuts
